 Dungeon Crawl Stone Soup version 0.17-a0-776-gd86b262 (webtiles) character file.

43 ahoge the Skirmisher (level 3, 0/24 HPs)
             Began as a Gargoyle Berserker on Apr 24, 2015.
             Was a Believer of Trog.
             Slain by a worm (2 damage)
             ... on level 2 of the Dungeon.
             The game lasted 00:02:14 (1060 turns).

ahoge the Skirmisher (Gargoyle Berserker)           Turns: 1060, Time: 00:02:14

Health: 0/24       AC:  6    Str: 20    XL:     3   Next: 58%
Magic:  3/3        EV: 12    Int:  7    God:    Trog [**....]
Gold:   42         SH:  0    Dex: 10    Spells: 0 memorised, 2 levels left

rFire  . . .     SeeInvis .     a - +0 mace
rCold  . . .     Clarity  .     b - +0 animal skin
rNeg   + . .     SustAb   .     (no shield)
rPois  ∞         Gourm    .     (no helmet)
rElec  +         Spirit   .     (no cloak)
rCorr  .         Warding  .     (no gloves)
rMut   .         Stasis   .     i - +0 pair of boots
MR     ++...                    (no amulet)
Stlth  +.........               (no ring)
                                (no ring)

@: regenerating, very resistant to hostile enchantments, very unstealthy
A: negative energy resistance 1, electricity resistance, unbreathing,
petrification resistance, rot immunity, AC +3
a: Burn Spellbooks, Berserk, Trog's Hand, Renounce Religion


You were on level 2 of the Dungeon.
You worshipped Trog.
Trog was pleased with you.
You were not hungry.

You visited 1 branch of the dungeon, and saw 2 of its levels.

You collected 42 gold pieces.

Inventory:

Hand weapons
 a - a +0 mace (weapon)
Armour
 b - a +0 animal skin (worn)
 i - a +0 pair of boots (worn)
Jewellery
 j - a cursed amulet of inaccuracy {unknown}
Scrolls
 e - a scroll of enchant weapon {unknown}
 f - a scroll of identify {unknown}
 k - a scroll of remove curse {unknown}
 l - 2 scrolls of enchant armour {unknown}
Potions
 h - a potion of resistance {unknown}
Comestibles
 c - a bread ration
 d - a beef jerky
 g - 2 chunks of flesh


   Skills:
 + Level 3.8 Fighting
 + Level 3.6 Maces & Flails
 + Level 2.4 Armour
 + Level 2.0 Dodging


You had 2 spell levels left.
You didn't know any spells.

Dungeon Overview and Level Annotations

Branches:
Dungeon (2/15)

Altars:
Gozag
Kikubaaqudgha
Makhleb


Innate Abilities, Weirdness & Mutations

You are resistant to torment.
Your stone body is resilient (AC +3).
You are immune to poison.
You resist negative energy.
You are resistant to electric shocks.
You can survive without breathing.
You are immune to petrification.
You are immune to rotting.


Message History

The goblin shoots a stone.
The stone barely misses you.
The goblin shoots a stone.
The stone hits you but does no damage.
You see here a stone.
The worm bites you!
* * * LOW HITPOINT WARNING * * *
You are too injured to fight recklessly!
You are too injured to fight recklessly!
The goblin shoots a stone.
The stone barely misses you.
Use which ability? (? or * to list)
Your skin crawls.
You feel resistant to hostile enchantments.
You feel slightly more hungry.
The goblin shoots a stone.
The stone barely misses you.
You hit the worm.
The worm is lightly wounded.
The goblin shoots a stone.
The stone closely misses you. The worm bites you.
* * * LOW HITPOINT WARNING * * *
You barely miss the worm.
The goblin shoots a stone.
The stone barely misses you. The worm bites you.
You die...

.. . ##. .. ###.. ...
......#### ...
#.........## ..# #..
...........## .......#
#........g..#
................w....#
.......###......@(...#
.......##............#
.....................#
.............(.......#
......)....>)...((..##
.......##.###......##
.....(....#####.####
............# #.#
###.####....# #.##


You could see a worm and a goblin.

Vanquished Creatures
  2 adders (D:2)
  A giant gecko (D:2)
  3 bats (D:1)
  5 goblins
  4 hobgoblins (D:1)
  8 kobolds
  2 giant cockroaches (D:1)
  2 giant newts
  A rat (D:1)
28 creatures vanquished.

Notes
Turn   | Place    | Note
--------------------------------------------------------------
     0 | D:1      | ahoge, the Gargoyle Berserker, began the quest for the Orb.
     0 | D:1      | Reached XP level 1. HP: 14/14 MP: 1/1
   207 | D:1      | Reached XP level 2. HP: 13/19 MP: 2/2
   878 | D:2      | Acquired Trog's second power
   878 | D:2      | Reached XP level 3. HP: 23/23 MP: 3/3
   902 | D:2      | Found an ancient bone altar of Kikubaaqudgha.
   905 | D:2      | Found an opulent altar of Gozag.
   908 | D:2      | Found a burning altar of Makhleb.
  1059 | D:2      | HP: 1/24 [worm (5)]
  1060 | D:2      | Slain by a worm

Action                   || total
-------------------------++-------
Melee: Mace              ||    90
Invok: Trog's Hand       ||     1
  Eat: Chunk             ||     1
